 Dungeon Crawl Stone Soup version 0.31-a0-702-gf82c85558f (webtiles) character file.

Game seed: 4851501683501428292

49 qw the Shooter (level 3, -4/23 HPs)
             Began as a Gargoyle Hunter on Sept 8, 2023.
             Slain by a worm (5 damage)
             ... on level 2 of the Dungeon.
             The game lasted 00:00:25 (1242 turns).

qw the Shooter (Gargoyle Hunter)                    Turns: 1242, Time: 00:00:26

Health: -4/23      AC:  7    Str: 14    XL:     3   Next: 77%
Magic:  3/3        EV: 11    Int:  9    God:
Gold:   65         SH:  0    Dex: 15    Spells: 2/2 levels left

rFire   . . .        Y - +0 shortbow
rCold   . . .        (shield currently unavailable)
rNeg    + . .        c - +0 leather armour
rPois   inf          (no helmet)
rElec   +            (no cloak)
rCorr   .            a - +0 pair of gloves
SInv    .            (no boots)
Will    .....        (no amulet)
Stlth   ++           (no ring)
HPRegen 0.23/turn    (no ring)
MPRegen 0.08/turn

%: no passive effects
@: no status effects
A: sickness immunity, AC +3, negative energy resistance 1, electricity
resistance, torment resistance 1, petrification resistance
a: no special abilities


You were on level 2 of the Dungeon.
You visited 1 branch of the dungeon, and saw 2 of its levels.

You collected 65 gold pieces.


Innate Abilities, Weirdness & Mutations

You are immune to sickness and miasma.
Your stone body is resilient. (AC +3)
You are immune to poison.
You resist negative energy. (rN+)
You are resistant to electric shocks. (rElec)
You are resistant to unholy torment.
You are immune to petrification.


   Skills:
 - Level 3.0 Fighting
 + Level 5.0 Ranged Weapons
 - Level 1.5 Dodging
 - Level 1.1 Stealth


You had 2 spell levels left.
You didn't know any spells.
Your spell library was empty.

Inventory:

Hand Weapons
 Y - a +0 shortbow (weapon)
Armour
 a - a +0 pair of gloves (worn)
 c - a +0 leather armour (worn)
Potions
 d - a potion of resistance {unknown}
 h - a potion of berserk rage {unknown}

Dungeon Overview and Level Annotations

Branches:
Dungeon (2/15)

Altars:


Message History

The endoplasm quivers.
A quokka comes into view.
The quokka twitches its whiskers.
You shoot an arrow. The arrow hits the hobgoblin!
You kill the hobgoblin!
A worm comes into view.
You shoot an arrow. The arrow barely misses the endoplasm.
The endoplasm hits you but does no damage.
You shoot an arrow. The arrow hits the endoplasm.
You kill the endoplasm!
You shoot an arrow. The arrow barely misses the quokka.
The quokka bites you but does no damage. x2
You shoot an arrow. The arrow hits the quokka.
The quokka is heavily wounded.
The quokka barely misses you.
You shoot an arrow. The arrow hits the quokka!
You kill the quokka!
Your Fighting skill increases to level 3!
You shoot an arrow. The arrow barely misses the worm.
The worm bites you.
You shoot an arrow. The arrow hits the worm.
The worm is lightly wounded.
You shoot an arrow. The arrow barely misses the worm.
The worm bites you!
You shoot an arrow.
The arrow hits the worm but does no damage.
The worm is lightly wounded.
The worm bites you.
You shoot an arrow. The arrow hits the worm.
The worm is lightly wounded.
The worm bites you.
You shoot an arrow. The arrow hits the worm.
The worm is lightly wounded.
You shoot an arrow. The arrow hits the worm!
The worm is heavily wounded.
The worm bites you.
You shoot an arrow. The arrow hits the worm.
The worm is heavily wounded.
The worm bites you.
You die...

###
#.###########################
#......).....................
#.###########################
#...........%....... .......
#########...@.....# #######
#.###w###.# #.# ... #.# 8.##
.. #.# ... ... #.#######...
####........... #
....<.......... .
#.............. ##


You could see a worm.

Vanquished Creatures
  An adder (D:2)
  2 dart slugs (D:2)
  5 endoplasms
  A giant cockroach (D:2)
  9 goblins
  4 hobgoblins
  A quokka (D:2)
  3 bats
  A frilled lizard (D:1)
  4 kobolds
  2 rats
33 creatures vanquished.

Notes
Turn   | Place    | Note
-------+----------+-------------------------------------------
     0 | D:1      | qw the Gargoyle Hunter began the quest for the Orb.
     0 | D:1      | Reached XP level 1. HP: 12/12 MP: 1/1
     0 | D:1      | 0 ||| qw: Version: 0.3-a-76-g4403597
     0 | D:1      | 0 ||| qw: Game counter: 935
     0 | D:1      | 0 ||| qw: Melee chars always use a shield: true
     0 | D:1      | 0 ||| qw: God list: Okawaru
     0 | D:1      | 0 ||| qw: Allow faded altars: false
     0 | D:1      | 0 ||| qw: Do Orc after clearing Dungeon:15 true
     0 | D:1      | 0 ||| qw: Do second Lair branch before Depths: true
     0 | D:1      | 0 ||| qw: Lair rune preference: random
     0 | D:1      | 0 ||| qw: Goals: Normal
     0 | D:1      | 0 ||| PLANNING D:1-11
    99 | D:1      | Reached XP level 2. HP: 17/17 MP: 2/2
   696 | D:1      | 696 ||| READING scroll labelled OCSIPLIAFIPH.
   697 | D:1      | 697 ||| READING scroll labelled NEF ABIMNA.
   698 | D:1      | 698 ||| READING scroll labelled CIONE QICKEITZ.
   699 | D:1      | 699 ||| DROPPING scroll of butterflies.
   739 | D:2      | 739 ||| STAIRDANCE
   761 | D:2      | 761 ||| STAIRDANCE
   840 | D:2      | 840 ||| FLEEEEING.
   852 | D:2      | Reached XP level 3. HP: 20/21 MP: 3/3
   902 | D:2      | Reached skill level 5 in Ranged Weapons
   906 | D:2      | 906 ||| UPGRADING to +0 pair of gloves.
  1090 | D:2      | 1090 ||| DRINKING 3 fizzy black potions.
  1091 | D:2      | 1091 ||| DROPPING 2 potions of attraction.
  1140 | D:2      | 1140 ||| FLEEEEING.
  1235 | D:2      | Reached skill level 3 in Fighting
  1238 | D:2      | HP: 5/23 [worm (5)]
  1241 | D:2      | HP: 1/23 [worm (3)]
  1242 | D:2      | Slain by a worm

Levels and vault maps discovered:
D:1:      giann_horns, layout_loops_ring, chequers_serial_rivers_room_b
D:2:      minmay_alternating_diamond, layout_basic, serial_co_window_serial,
          co_window_paths_a, co_window_of_opportunity_a,
          co_window_of_opportunity_a, co_window_paths_b,
          co_window_of_opportunity_a, co_window_paths_c, co_window_paths_c,
          co_window_of_opportunity_b, co_window_paths_c, co_window_paths_d,
          glass_columns_c, glass_columns_a, glass_columns_c,
          minmay_split_cup_large

Skill      XL: |  1  2  3 |
---------------+----------+-----
Ranged Weapons | 5 |  5.0
Fighting       | 3 |  3.0
Dodging        | |  1.5
Stealth        | |  1.1

Action                     || total
---------------------------++-------
   Fire: Shortbow          ||    96
    Use: Scroll            ||     3
         Potion            ||     1
 Armour: Leather armour    ||    35
  Dodge: Dodged            ||    37

Table legend:
 A = Non-vault XP
 B = Vault XP
 C = Vault XP percentage of total XP
 D = Non-vault monster count
 E = Vault monster count
 F = Vault count percentage of total count
                 A         B        C        D         E       F
            +---------+---------+-------+---------+---------+-------
      Total |      51 |      20 |  28.2 |      23 |      10 |  30.3
            +---------+---------+-------+---------+---------+-------
        D:1 |      16 |       0 |   0.0 |      10 |       0 |   0.0
        D:2 |      35 |      20 |  36.4 |      13 |      10 |  43.5
            +---------+---------+-------+---------+---------+-------
